 Dungeon Crawl Stone Soup version 0.28-a0-1594-ga885d4b3d6 (webtiles) character file.

Game seed: 6636123322035841939

115 esteth the Conjurer (level 4, -2/24 HPs)
             Began as a Deep Elf Hedge Wizard on Jan 20, 2022.
             Slain by a goblin (5 damage)
             ... led by Robin
             ... on level 3 of the Dungeon.
             The game lasted 00:07:42 (3956 turns).

esteth the Conjurer (Deep Elf Hedge Wizard)         Turns: 3956, Time: 00:07:43

Health: -2/24      AC:  2    Str:  7    XL:     4   Next: 68%
Magic:  6/12       EV: 12    Int: 21    God:
Gold:   89         SH:  0    Dex: 14    Spells: 1/11 levels left

rFire   . . .      SeeInvis .   e - +1 spear (drain)
rCold   . . .      Faith    .   (no shield)
rNeg    . . .      Spirit   .   b - +0 robe
rPois   +          Reflect  .   c - +0 hat
rElec   .          Harm     .   (no cloak)
rCorr   .          Rampage  .   (no gloves)
Will    .....                   (no boots)
Stlth   ++........              (no amulet)
HPRegen 0.08/turn               q - ring of poison resistance
MPRegen 0.13/turn               (no ring)

@: no status effects
A: no striking features
a: no special abilities


You were on level 3 of the Dungeon.
You visited 1 branch of the dungeon, and saw 4 of its levels.

You collected 89 gold pieces.

Inventory:

Hand Weapons
 a - a +0 dagger
 e - a +1 spear of draining (weapon)
 m - a +0 dagger of flaming
Missiles
 n - a throwing net
Armour
 b - a +0 robe (worn)
 c - a +0 hat (worn)
Magical Staves
 k - a staff of poison
Jewellery
 q - a ring of poison resistance (left hand)
Scrolls
 d - a scroll of magic mapping
 j - 2 scrolls of identify
 l - a scroll of acquirement {unknown}
Potions
 f - a potion of mutation {unknown}
 h - a potion of brilliance {unknown}
 o - a potion of lignification
 p - a potion of haste {unknown}


   Skills:
 - Level 2.4 Dodging
 - Level 2.4 Stealth
 - Level 4.4 Spellcasting
 + Level 4.7 Conjurations
 - Level 1.1 Summonings
 - Level 1.1 Translocations
 + Level 1.1 Fire Magic
 + Level 0.7 Poison Magic


You had one spell level left.
You knew the following spells:

 Your Spells              Type           Power      Damage    Failure   Level
a - Magic Dart            Conj           96%        1d7       1%          1
b - Sticky Flame          Conj/Fire      16%        2d4       34%         4
c - Mephitic Cloud        Conj/Pois/Air  12%        N/A       16%         3
d - Call Imp              Summ           9%         N/A       11%         2

Your spell library contained the following spells:

 Spells                   Type           Power      Damage    Failure   Level
 Slow                     Hex            16%        N/A       12%         1
 Blink                    Tloc           18%        N/A       11%         2
 Conjure Flame            Conj/Fire      16%        6-21      11%         3
 Ignite Poison            Fire/Tmut/Pois 7%         N/A       26%         3
 Freezing Cloud           Conj/Ice/Air   5%         6-21      86%         5


Dungeon Overview and Level Annotations

Branches:
Dungeon (4/15)
 Temple: D:4-7

Altars:
Kikubaaqudgha

Shops:
D:1 [

Annotations:
D:3 exclusions: black bear and downstairs
D:4 Edmund


Message History

You climb downwards.
Level annotation: Edmund, Robin The goblin completely misses you.
Robin barely misses you. The goblin closely misses you.
The goblin hits you with a +0 dagger.
There is a stone staircase leading up, spattered with blood here.
The goblin misses you. The goblin hits you with a +0 dagger.
Robin roars a battlecry!
The goblins go into a battle-frenzy!
You climb upwards.
Level annotation: exclusions: black bear and downstairs
There is a stone staircase leading down, spattered with blood here.
Casting: Magic Dart (safe; 1% risk of failure)
Confirm with . or Enter, or press ? or * to list all spells.
Okay, then.
Casting: Magic Dart (safe; 1% risk of failure)
Confirm with . or Enter, or press ? or * to list all spells.
The spell is potentially lethal to miscast (36% risk of failure)!
Continue anyway?
Aiming: Sticky Flame (potentially lethal; 36% risk of failure)
Press: ? - help, Shift-Dir - straight line, f - Robin
Aim: Robin, wielding a +0 spear, wearing a +0 animal skin and wearing a +2 helmet (100% to hit)
The sticky flame hits Robin.
Robin is moderately wounded.
Robin is covered in liquid flames!
Robin burns!
The goblin hits you with a +0 club. The goblin completely misses you.
You closely miss the goblin.
Robin burns!
You kill Robin!
The goblin hits you with a +0 club. The goblin barely misses you.
The goblin hits you with a +0 club.
* * * LOW HITPOINT WARNING * * *
Your Fire Magic skill increases to level 1!
Okay, then.
Casting: Sticky Flame (potentially lethal; 34% risk of failure)
Confirm with . or Enter, or press ? or * to list all spells.
A shadowy apparition takes form in the air.
The goblin hits you with a +0 dagger.
* * * LOW HITPOINT WARNING * * *
The goblin hits you with a +0 club.
* * * LOW HITPOINT WARNING * * *
The goblin closely misses you. The goblin hits you with a +0 club.
You die...

######........########
#..........(..#
#.............#
#.............#
######.....[).#
########........#
#...............#
#..............5#
#.............g@#
#.........####g>#
#.........# ####
###########


You could see 2 goblins and a friendly shadow imp (summoned).

Vanquished Creatures
  Robin (D:3)
  2 adders (D:2)
  4 worms
  4 orcs
  4 bats
  5 endoplasms
  3 giant cockroaches
  7 goblins
  2 hobgoblins
  10 jackals
  A kobold (D:2)
  5 quokkas
  8 ball pythons
  3 frilled lizards
  5 rats
64 creatures vanquished.

Notes
Turn   | Place    | Note
-------+----------+-------------------------------------------
     0 | D:1      | esteth the Deep Elf Hedge Wizard began the quest for the
                  | Orb.
     0 | D:1      | Reached XP level 1. HP: 10/10 MP: 7/7
   237 | D:1      | Found Filingas's Antique Armour Shop.
   300 | D:1      | Reached XP level 2. HP: 15/15 MP: 0/9
  1192 | D:2      | Reached XP level 3. HP: 19/19 MP: 5/10
  2263 | D:2      | Found a faded altar of an unknown god.
  2296 | D:2      | Reached XP level 4. HP: 24/24 MP: 10/12
  2513 | D:2      | Learned a level 4 spell: Sticky Flame
  2626 | D:3      | Found an ancient bone altar of Kikubaaqudgha.
  2679 | D:3      | Noticed a black bear
  3022 | D:3      | Learned a level 3 spell: Mephitic Cloud
  3388 | D:4      | Noticed Edmund
  3534 | D:4      | Noticed Robin
  3829 | D:3      | Learned a level 2 spell: Call Imp
  3954 | D:3      | Killed Robin
  3955 | D:3      | Reached skill level 1 in Fire Magic
  3956 | D:3      | Slain by a goblin

Illustrated notes

Levels and vault maps discovered:
D:1:      lightli_arrival_quake, layout_loops_ring, serial_shops,
          nicolae_shop_advertising_works [nicolae_subvault_shop_adworks]
D:2:      layout_basic, hellmonk_ecumenical_altar_prayer_group,
          nicolae_figureground_pulse
D:3:      layout_basic, lemuel_round_altar, lemuel_old_faithful
D:4:      layout_basic, nicolae_overflow_squiral,
          minmay_temple_entry_enclosed_plants, gammafunk_ghost_cemetery,
          nrook_mini_backslash, dk_noncrumbling_3, uniq_robin, uniq_edmund

Skill      XL: |  1  2  3  4 |
---------------+-------------+-----
Conjurations   | 2 3 4 |  4.7
Fire Magic     | 1 |  1.1
Dodging        | |  2.4
Stealth        | |  2.4
Spellcasting   | |  4.4
Summonings     | |  1.1
Translocations | |  1.1
Poison Magic   | |  0.7

Action                   |  1- 3 |  4- 6 || total
-------------------------+-------+-------++-------
Melee: Spear             |    30 |    24 ||    54
       Punch             |     1 |       ||     1
 Cast: Magic Dart        |    87 |    58 ||   145
       Mephitic Cloud    |       |     1 ||     1
       Sticky Flame      |       |     1 ||     1
       Call Imp          |       |     1 ||     1
  Use: Scroll            |       |     4 ||     4
       Potion            |       |     1 ||     1
Armor: Robe              |    11 |     3 ||    14
       Skin              |       |    29 ||    29
Dodge: Dodged            |    16 |    35 ||    51

Table legend: (Time is in decaauts)
 A = Elapsed time spent in this place.
 B = Non-inter-level travel time spent in this place.
 C = Inter-level travel time spent in this place.
 D = Time resting spent in this place.
 E = Time spent auto-exploring this place.
 F = Levels seen in this place.
 G = Mean time per level.
                   A        B        C        D        E       F      G
               +--------+--------+--------+--------+--------+-----+--------+
         Total |   3967 |   3685 |    282 |    758 |   2480 |   4 |  991.8 |
       Dungeon |   3967 |   3685 |    282 |    758 |   2480 |   4 |  991.8 |
               +--------+--------+--------+--------+--------+-----+--------+

Top non-repeatable levels by time:
     D:2: 1608 daAuts
     D:3: 1275 daAuts
     D:1: 1011 daAuts
     D:4: 72 daAuts
